APP
OREM OWLZ @ GREAT FALLS VOYAGERS
06/12/2044
 
TOP OF THE 1ST
Orem Owlz batting - Pitching for Great Falls Voyagers : LHP David Schultz
Pitching: LHP David Schultz
Batting: SHB Butch Brown 0-0: Ball
1-0: Foul Ball, location: 2F
1-1: Ball
2-1: Ball
3-1: Base on Balls
Batting: LHB Justin Alexander 0-0: Foul Ball, location: 2F
0-1: Ball
1-1: Ball
2-1: Fly out, F8 (Flyball, 78S, EV 93.1 MPH)
Batting: RHB Ryan Pelletier 0-0: DOUBLE (Line Drive, 78D, EV 105.0 MPH)
Butch Brown to third
Batting: RHB Mike Alm 0-0: Ball
1-0: Ball
2-0: Ball
3-0: Base on Balls
Batting: LHB Brett Bugge 0-0: Called Strike
0-1: GRAND SLAM HOME RUN (Flyball, 7D, EV 99.4 MPH), Distance : 391 ft
Batting: RHB Danny Bjarnson 0-0: Ball
1-0: SINGLE (Line Drive, 5D, EV 99.4 MPH)
Batting: RHB J.R. Roberts 0-0: Ball
1-0: Foul Ball, location: 2F
1-1: Fielders Choice at 2nd, 6-4 (Groundball, 56, EV 84.4 MPH)
Batting: RHB Kinya Nishimura 0-0: Called Strike
0-1: Foul Ball, location: 2F
0-2: Ball
1-2: Strikes out swinging
Top of the 1st over - 4 runs, 3 hits, 0 errors, 1 left on base; Orem 4 - Great Falls 0
BOTTOM OF THE 1ST
Great Falls Voyagers batting - Pitching for Orem Owlz : RHP Eddie Garabito
Pitching: RHP Eddie Garabito
Batting: RHB Andy Cotton 0-0: Ball
1-0: Foul Ball, location: 2F
1-1: Swinging Strike
1-2: Foul Ball, location: 2F
1-2: Strikes out looking
Batting: SHB Jose Romo 0-0: SINGLE (Flyball, 3D, EV 90.6 MPH)
Batting: LHB Carlos Ramirez 0-0: Ball
1-0: Foul Ball, location: 2F
1-1: Called Strike
1-2: DOUBLE (Line Drive, 8LXD, EV 99.4 MPH)
Jose Romo to third
Jose Romo scores
Pitching: RHP Tim Anderson
Batting: RHB Vic Lucatero 0-0: Ball
1-0: Called Strike
1-1: Ball
2-1: Ball
3-1: Foul Ball, location: 2F
3-2: Strikes out swinging
Batting: LHB Josh Pittman 0-0: Ball
1-0: Ball
2-0: Ball
3-0: Called Strike
3-1: Foul Ball, location: 2F
3-2: 2-RUN HOME RUN (Flyball, 9D, EV 93.8 MPH), Distance : 365 ft
Batting: RHB Duncan Collins 0-0: Called Strike
0-1: Called Strike
0-2: Strikes out swinging, 2-3 out at first.
Bottom of the 1st over - 3 runs, 3 hits, 0 errors, 0 left on base; Orem 4 - Great Falls 3
TOP OF THE 2ND
Orem Owlz batting - Pitching for Great Falls Voyagers : LHP David Schultz
Batting: RHB Malachi Ephron 0-0: Ball
1-0: Foul Ball, location: 2F
1-1: Ground out 4-3 (Groundball, 34, EV 102.5 MPH)
Batting: SHB Butch Brown 0-0: Reached on error, E6 (Groundball, 6, EV 101.9 MPH)
Batting: LHB Justin Alexander 0-0: Called Strike
0-1: Ball
Butch Brown is caught stealing 2nd base 2-6
1-1: Ball
2-1: Called Strike
2-2: Ball
3-2: Base on Balls
Batting: RHB Ryan Pelletier 0-0: Ball
1-0: Fly out, F9 (Flyball, 9, EV 87.5 MPH)
Top of the 2nd over - 0 runs, 0 hits, 1 error, 1 left on base; Orem 4 - Great Falls 3
BOTTOM OF THE 2ND
Great Falls Voyagers batting - Pitching for Orem Owlz : RHP Tim Anderson
Batting: SHB Matt Childers 0-0: Ball
1-0: Ball
2-0: Ball
3-0: Called Strike
3-1: Base on Balls
Batting: RHB Billy Grubbs 0-0: Ball
1-0: Ball
2-0: Foul Ball, location: 2F
2-1: Called Strike
2-2: Ball
3-2: Base on Balls
Matt Childers to second
Batting: RHB Juan Tovar 0-0: Foul Ball, location: 2F
0-1: Grounds into double play, 3-6-1 (Groundball, 34, EV 110.6 MPH)
Matt Childers to third
Batting: RHB Andy Cotton 0-0: Called Strike
0-1: Ball
1-1: Ball
2-1: Swinging Strike
2-2: Ball
3-2: TRIPLE (Flyball, 8LXD, EV 90.6 MPH)
Matt Childers scores
Batting: SHB Jose Romo 0-0: Called Strike
0-1: Ball
1-1: Hit by Pitch
Batting: LHB Carlos Ramirez 0-0: Ball
1-0: Foul Ball, location: 2F
1-1: Ball
2-1: Ball
3-1: Base on Balls
Jose Romo to second
Batting: RHB Vic Lucatero 0-0: Called Strike
0-1: Foul Ball, location: 2F
0-2: TRIPLE (Line Drive, 89XD, EV 102.5 MPH)
Andy Cotton scores
Jose Romo scores
Carlos Ramirez scores
Pitching: RHP Owen Prouty
Batting: LHB Josh Pittman 0-0: Called Strike
0-1: Called Strike
0-2: Ball
1-2: Ball
2-2: Foul Ball, location: 2F
2-2: Ball
3-2: Fly out, F8 (Flyball, 89D, EV 105.6 MPH)
Bottom of the 2nd over - 4 runs, 2 hits, 0 errors, 1 left on base; Orem 4 - Great Falls 7
TOP OF THE 3RD
Orem Owlz batting - Pitching for Great Falls Voyagers : LHP David Schultz
Batting: RHB Mike Alm 0-0: Ball
1-0: Called Strike
1-1: Ball
2-1: Foul Ball, location: 2F
2-2: Foul Ball, location: 2F
2-2: DOUBLE (Line Drive, 7LD, EV 105.6 MPH)
Batting: LHB Brett Bugge 0-0: Foul Ball, location: 2F
0-1: Called Strike
0-2: Reached on error, E8 (Flyball, 8LD, EV 108.8 MPH)
Mike Alm to third
Batting: RHB Danny Bjarnson 0-0: Foul Ball, location: 2F
0-1: Ball
1-1: Called Strike
1-2: Ball
2-2: Ball
3-2: Base on Balls
Brett Bugge to second
Batting: RHB J.R. Roberts 0-0: Called Strike
0-1: Foul Ball, location: 2F
0-2: Strikes out swinging
Batting: RHB Kinya Nishimura 0-0: Called Strike
0-1: SINGLE (Line Drive, 4MD, EV 100.0 MPH)
Mike Alm scores
Brett Bugge to third
Danny Bjarnson to second
Runner from 3rd tries for Home, SAFE, throw by CF to home
Pitching: LHP Evan Boyd
Batting: RHB Malachi Ephron 0-0: Ball
1-0: Ball
2-0: Foul Ball, location: 2F
2-1: SINGLE (Line Drive, 6D, EV 98.8 MPH)
Danny Bjarnson to third
Kinya Nishimura to second
Batting: SHB Butch Brown 0-0: Ball
1-0: Ball
2-0: Foul Ball, location: 2F
2-1: Ball
3-1: Called Strike
3-2: Fly out, F7 (Flyball, 7D, EV 75.6 MPH)
Batting: LHB Justin Alexander 0-0: Swinging Strike
0-1: Swinging Strike
0-2: Foul Ball, location: 2F
0-2: Foul Ball, location: 2F
0-2: Fly out, F6 (Flyball, 56D, EV 91.2 MPH)
Top of the 3rd over - 2 runs, 3 hits, 1 error, 3 left on base; Orem 6 - Great Falls 7
BOTTOM OF THE 3RD
Great Falls Voyagers batting - Pitching for Orem Owlz : RHP Owen Prouty
Batting: RHB Duncan Collins 0-0: Swinging Strike
0-1: Ball
1-1: Ball
2-1: Called Strike
2-2: Ground out 4-3 (Groundball, 4, EV 103.1 MPH)
Batting: SHB Matt Childers 0-0: Ball
1-0: Swinging Strike
1-1: Fly out, F8 (Flyball, 8LM, EV 79.4 MPH)
Batting: RHB Billy Grubbs 0-0: Ball
1-0: Ball
2-0: Ball
3-0: Called Strike
3-1: Foul Ball, location: 2F
3-2: Strikes out swinging
Bottom of the 3rd over - 0 runs, 0 hits, 0 errors, 0 left on base; Orem 6 - Great Falls 7
TOP OF THE 4TH
Orem Owlz batting - Pitching for Great Falls Voyagers : LHP Evan Boyd
Batting: RHB Ryan Pelletier 0-0: Called Strike
0-1: Swinging Strike
0-2: Ball
1-2: Ground out 6-3 (Groundball, 6, EV 92.5 MPH)
Batting: RHB Mike Alm 0-0: Swinging Strike
0-1: Ball
1-1: Swinging Strike
1-2: Ball
2-2: Foul Ball, location: 2F
2-2: Foul Ball, location: 2F
2-2: Ball
3-2: Foul Ball, location: 2F
3-2: Strikes out looking
Batting: LHB Brett Bugge 0-0: Ball
1-0: Called Strike
1-1: Called Strike
1-2: Ball
2-2: Ball
3-2: SOLO HOME RUN (Line Drive, 78XD, EV 111.9 MPH), Distance : 424 ft
Batting: RHB Danny Bjarnson 0-0: Ball
1-0: Ball
2-0: Called Strike
2-1: Foul Ball, location: 2F
2-2: Ball
3-2: Base on Balls
Batting: RHB J.R. Roberts 0-0: Called Strike
Danny Bjarnson steals 2nd base
0-1: Ball
1-1: SINGLE (Groundball, 56S, EV 71.9 MPH) (infield hit)
Danny Bjarnson to third
Batting: RHB Kinya Nishimura 0-0: Swinging Strike
0-1: Fielders Choice at 2nd, 5-4 (Groundball, 5, EV 105.0 MPH)
Top of the 4th over - 1 run, 2 hits, 0 errors, 2 left on base; Orem 7 - Great Falls 7
BOTTOM OF THE 4TH
Great Falls Voyagers batting - Pitching for Orem Owlz : RHP Owen Prouty
Batting: RHB Juan Tovar 0-0: Called Strike
0-1: Called Strike
0-2: Foul Ball, location: 2F
0-2: SINGLE (Groundball, 4D, EV 103.1 MPH)
Batting: RHB Andy Cotton 0-0: Ball
1-0: Ball
2-0: Ball
3-0: Base on Balls
Juan Tovar to second
Batting: SHB Jose Romo 0-0: Called Strike
0-1: Swinging Strike
0-2: Foul Ball, location: 2F
0-2: Strikes out swinging
Batting: LHB Carlos Ramirez 0-0: Ball
1-0: Called Strike
1-1: Fielders Choice at 2nd, 4-6 (Groundball, 4, EV 79.4 MPH)
Juan Tovar to third
Batting: RHB Vic Lucatero 0-0: Ball
1-0: Fly out, F9 (Flyball, 89D, EV 91.9 MPH)
Bottom of the 4th over - 0 runs, 1 hit, 0 errors, 2 left on base; Orem 7 - Great Falls 7
TOP OF THE 5TH
Orem Owlz batting - Pitching for Great Falls Voyagers : LHP Evan Boyd
Batting: RHB Malachi Ephron 0-0: Ball
1-0: Foul Ball, location: 2F
1-1: Called Strike
1-2: Ball
2-2: Foul Ball, location: 2F
2-2: Ground out 1-5-3 (Groundball, 15S, EV 101.2 MPH)
Batting: SHB Butch Brown 0-0: Ball
1-0: Ball
2-0: Ball
3-0: Called Strike
3-1: Called Strike
3-2: Base on Balls
Pitching: RHP Toby Riley
Batting: LHB Justin Alexander 0-0: Ball
1-0: Called Strike
1-1: Called Strike
1-2: Foul Ball, location: 2F
1-2: Ball
2-2: Ball
3-2: SINGLE (Line Drive, 78S, EV 103.8 MPH)
Butch Brown to second
Batting: RHB Ryan Pelletier 0-0: Called Strike
Butch Brown steals 3rd base (no throw)
Justin Alexander to second
0-1: Foul Ball, location: 2F
0-2: Ball
1-2: Fly out, F8 (Flyball, 89D, EV 98.8 MPH)
Runner from 3rd tags up, SCORES, no throw by CF
Batting: RHB Mike Alm 0-0: Called Strike
0-1: Ball
1-1: Swinging Strike
1-2: Fly out, F5 (Popup, 56S, EV 78.1 MPH)
Top of the 5th over - 1 run, 1 hit, 0 errors, 1 left on base; Orem 8 - Great Falls 7
BOTTOM OF THE 5TH
Great Falls Voyagers batting - Pitching for Orem Owlz : RHP Owen Prouty
Batting: LHB Josh Pittman 0-0: Called Strike
0-1: Called Strike
0-2: Ball
1-2: Strikes out swinging
Batting: RHB Duncan Collins 0-0: Foul Ball, location: 2F
0-1: Ball
1-1: Called Strike
1-2: Strikes out swinging
Batting: SHB Matt Childers 0-0: Foul Ball, location: 2F
0-1: Foul Ball, location: 2F
0-2: SOLO HOME RUN (Flyball, 9D, EV 93.1 MPH), Distance : 363 ft
Batting: RHB Billy Grubbs 0-0: Ball
1-0: Ball
2-0: Called Strike
2-1: Foul Ball, location: 2F
2-2: Strikes out swinging
Bottom of the 5th over - 1 run, 1 hit, 0 errors, 0 left on base; Orem 8 - Great Falls 8
TOP OF THE 6TH
Orem Owlz batting - Pitching for Great Falls Voyagers : RHP Toby Riley
Batting: LHB Brett Bugge 0-0: Ground out 5-3 (Groundball, 5L, EV 82.5 MPH)
Batting: RHB Danny Bjarnson 0-0: Ground out 2-3 (Groundball, 2L, EV 62.5 MPH)
Batting: RHB J.R. Roberts 0-0: Fly out, F7 (Flyball, 7, EV 97.5 MPH)
Top of the 6th over - 0 runs, 0 hits, 0 errors, 0 left on base; Orem 8 - Great Falls 8
BOTTOM OF THE 6TH
Great Falls Voyagers batting - Pitching for Orem Owlz : RHP Owen Prouty
Pitching: RHP Troy Ingram
Batting: RHB Juan Tovar 0-0: Ball
1-0: Foul Ball, location: 2F
1-1: Ball
2-1: Ball
3-1: Foul Ball, location: 2F
3-2: Strikes out swinging
Batting: RHB Andy Cotton 0-0: Called Strike
0-1: Foul Ball, location: 2F
0-2: Ball
1-2: Strikes out swinging
Batting: SHB Jose Romo 0-0: Foul Ball, location: 2F
0-1: Called Strike
0-2: Ball
1-2: Foul Ball, location: 2F
1-2: Ball
2-2: Foul Ball, location: 2F
2-2: Ball
3-2: Foul Ball, location: 2F
3-2: Strikes out looking
Bottom of the 6th over - 0 runs, 0 hits, 0 errors, 0 left on base; Orem 8 - Great Falls 8
TOP OF THE 7TH
Orem Owlz batting - Pitching for Great Falls Voyagers : RHP Toby Riley
Pitching: RHP Brian Wesolek
Batting: RHB Kinya Nishimura 0-0: Called Strike
0-1: Foul Ball, location: 2F
0-2: Strikes out swinging
Batting: RHB Malachi Ephron 0-0: Called Strike
0-1: Ball
1-1: Ground out 4-3 (Groundball, 34, EV 109.4 MPH)
Batting: SHB Butch Brown 0-0: Foul Ball, location: 2F
0-1: Called Strike
0-2: Strikes out swinging
Top of the 7th over - 0 runs, 0 hits, 0 errors, 0 left on base; Orem 8 - Great Falls 8
BOTTOM OF THE 7TH
Great Falls Voyagers batting - Pitching for Orem Owlz : RHP Troy Ingram
Pitching: RHP Ed Raleigh
Batting: LHB Carlos Ramirez 0-0: Ball
1-0: Ball
2-0: Foul Ball, location: 2F
2-1: Foul Ball, location: 2F
2-2: Ball
3-2: Single, Error in OF, E9, batter to second base (Groundball, 4, EV 105.6 MPH)
Batting: RHB Vic Lucatero 0-0: Called Strike
0-1: Ball
1-1: Called Strike
1-2: Ball
2-2: Strikes out swinging
Batting: LHB Josh Pittman 0-0: Intentional Walk
Batting: RHB Duncan Collins 0-0: Ball
1-0: Foul Ball, location: 2F
1-1: Called Strike
1-2: Fly out, F9 (Flyball, 9S, EV 83.8 MPH)
Batting: SHB Matt Childers 0-0: Foul Ball, location: 2F
0-1: SINGLE (Line Drive, 78S, EV 95.6 MPH)
Carlos Ramirez to third
Josh Pittman to second
Runner from 3rd tries for Home, throw by LF and OUT! 7-2
Bottom of the 7th over - 0 runs, 2 hits, 1 error, 2 left on base; Orem 8 - Great Falls 8
TOP OF THE 8TH
Orem Owlz batting - Pitching for Great Falls Voyagers : RHP Brian Wesolek
Batting: LHB Justin Alexander 0-0: Called Strike
0-1: Ball
1-1: Foul Ball, location: 2F
1-2: Strikes out swinging
Pitching: RHP Tom Daniels
Batting: RHB Ryan Pelletier 0-0: Fly out, F1 (Line Drive, P, EV 75.0 MPH)
Batting: RHB Mike Alm 0-0: Ball
1-0: Ball
2-0: Ball
3-0: Called Strike
3-1: Base on Balls
Pitching: LHP Jose Andujar
Batting: LHB Brett Bugge 0-0: Called Strike
0-1: Ground out 1-3 (Groundball, 15S, EV 66.9 MPH)
Top of the 8th over - 0 runs, 0 hits, 0 errors, 1 left on base; Orem 8 - Great Falls 8
BOTTOM OF THE 8TH
Great Falls Voyagers batting - Pitching for Orem Owlz : RHP Ed Raleigh
Pitching: RHP Simon Vogel
Batting: RHB Billy Grubbs 0-0: Called Strike
0-1: Ball
1-1: Ground out 6-3 (Groundball, 6, EV 83.1 MPH)
Pinch Hitting: RHB Chris LaMore 0-0: Foul Ball, location: 2F
0-1: Ball
1-1: Ball
2-1: Foul Ball, location: 2F
2-2: DOUBLE (Line Drive, 78M, EV 89.4 MPH)
Batting: RHB Andy Cotton 0-0: Intentional Walk
Batting: SHB Jose Romo 0-0: Ball
1-0: Swinging Strike
1-1: Foul Ball, location: 2F
1-2: Ball
2-2: Ball
3-2: Foul Ball, location: 2F
3-2: Strikes out swinging
Batting: LHB Carlos Ramirez 0-0: Ball
1-0: Ball
2-0: Called Strike
2-1: Ball
3-1: Foul Ball, location: 2F
3-2: Strikes out looking
Bottom of the 8th over - 0 runs, 1 hit, 0 errors, 2 left on base; Orem 8 - Great Falls 8
TOP OF THE 9TH
Orem Owlz batting - Pitching for Great Falls Voyagers : LHP Jose Andujar
Pitching: RHP Rick Sacket
Now at C: Riemer de Jonge
Batting: RHB Danny Bjarnson 0-0: Ball
1-0: Swinging Strike
1-1: Ball
2-1: Foul Ball, location: 2F
2-2: Ground out 5-3 (Groundball, 56S, EV 76.2 MPH)
Pinch Hitting: LHB Nick Isaac 0-0: Foul Ball, location: 2F
0-1: SOLO HOME RUN (Flyball, 9D, EV 94.4 MPH), Distance : 381 ft
Batting: RHB Kinya Nishimura 0-0: Ball
1-0: Called Strike
1-1: Swinging Strike
1-2: Strikes out swinging
Batting: RHB Malachi Ephron 0-0: Called Strike
0-1: Ball
1-1: Swinging Strike
1-2: Strikes out swinging
Top of the 9th over - 1 run, 1 hit, 0 errors, 0 left on base; Orem 9 - Great Falls 8
BOTTOM OF THE 9TH
Great Falls Voyagers batting - Pitching for Orem Owlz : RHP Simon Vogel
Pitching: RHP Danny Nava
Now at 1B: Roger Payne
Batting: RHB Vic Lucatero 0-0: Called Strike
0-1: Ball
1-1: Foul Ball, location: 2F
1-2: Foul Ball, location: 2F
1-2: Ball
2-2: Foul Ball, location: 2F
2-2: Ball
3-2: Foul Ball, location: 2F
3-2: Base on Balls
Batting: LHB Josh Pittman 0-0: Called Strike
0-1: Foul Ball, location: 2F
0-2: Ball
1-2: Grounds into double play, U6-3 (Groundball, P, EV 87.5 MPH)
Batting: RHB Duncan Collins 0-0: Swinging Strike
0-1: Called Strike
0-2: Ball
1-2: Foul Ball, location: 2F
1-2: Ball
2-2: Ball
3-2: Fly out, F8 (Flyball, 8RD, EV 82.5 MPH)
Bottom of the 9th over - 0 runs, 0 hits, 0 errors, 0 left on base; Orem 9 - Great Falls 8
Thursday, March 31st , 2022 - OOTP Baseball 22.12 Build 89